 Dungeon Crawl Stone Soup version 0.31-a0-920-g28cbb04a8c (webtiles) character file.

Game seed: 6370256665963297234

158 Forgeling the Gusty (level 5, -2/28 HPs)
             Began as a Tengu Air Elementalist on Oct 17, 2023.
             Slain by a cerulean imp
             ... wielding a +2 spear
             ... summoned by Natasha
              (5 damage)
             ... on level 4 of the Dungeon.
             The game lasted 00:05:56 (4061 turns).

Forgeling the Gusty (Tengu Air Elementalist)        Turns: 4061, Time: 00:05:57

Health: -2/28      AC:  3    Str:  9    XL:     5   Next: 40%
Magic:  2/10       EV: 12    Int: 17    God:
Gold:   78         SH:  0    Dex: 14    Spells: 3/9 levels left

rFire   . . .        e - +0 dagger
rCold   . . .        (no shield)
rNeg    . . .        a - +0 robe
rPois   .            (helmet restricted)
rElec   .            d - +0 cloak
rCorr   .            (no gloves)
SInv    .            (boots unavailable)
Will    .....        (no amulet)
Stlth   ++           (no ring)
HPRegen 0.24/turn    (no ring)
MPRegen 0.12/turn

%: acrobat
@: no status effects
A: beak, talons 3, acrobatic
a: no special abilities


You were on level 4 of the Dungeon.
You visited 1 branch of the dungeon, and saw 4 of its levels.

You collected 158 gold pieces.
You spent 80 gold pieces at shops.

Inventory:

Hand Weapons
 e - a +0 dagger (weapon)
Missiles
 t - 2 poisoned darts
Armour
 a - a +0 robe (worn)
 d - a +0 cloak (worn)
Magical Staves
 j - a staff of cold
 n - a staff of earth
Wands
 h - a wand of quicksilver (11)
 q - a wand of flame (15)
Scrolls
 c - a scroll of amnesia
 f - a scroll of poison {unknown}
 g - a scroll of noise {unknown}
 i - a scroll of vulnerability {unknown}
 k - a scroll of blinking {unknown}
 m - 2 scrolls of revelation {unknown}
 K - a scroll of immolation
 Y - a scroll of teleportation {@r3}
 Z - a scroll of identify {@r1}
Potions
 b - a potion of lignification {unknown}
 l - a potion of might {unknown}
 o - a potion of mutation {unknown}
 B - a potion of brilliance
 H - 2 potions of haste
 N - a potion of heal wounds {@q2}
 Q - 2 potions of magic


   Skills:
 - Level 2.1 Dodging
 - Level 2.0 Stealth
 + Level 2.8 Spellcasting
 - Level 1.3 Conjurations
 + Level 7.0 Air Magic
 + Level 1.0 Evocations


You had 3 spell levels left.
You knew the following spells:

 Your Spells              Type           Power      Damage    Failure   Level
a - Shock                 Conj/Air       64%        1d7       3%          1
r - Swiftness             Air            26%        N/A       3%          3
v - Static Discharge      Conj/Air       32%        2-4/arc   4%          2

Your spell library contained the following spells:

 Spells                   Type           Power      Damage    Failure   Level
 Airstrike                Air            13%        2d(2-18)  10%         4


Dungeon Overview and Level Annotations

Branches:
Dungeon (4/15)
 Temple: D:4-7

Altars:
Makhleb

Shops:
D:3 *[

Annotations:
D:4 Ijyb, Natasha


Innate Abilities, Weirdness & Mutations

You have a beak for a mouth.
You have claws for feet.
You can magically evade attacks while moving or waiting.


Message History

Natasha claws you!
Casting: Shock (safe; 3% risk of failure)
Confirm with . or Enter, or press ? or * to list all spells.
Natasha is struck by an arc of lightning.
Natasha is moderately wounded.
You are struck by an arc of lightning.
Natasha is struck by an arc of lightning.
Natasha is heavily wounded.
The lightning grounds out.
Casting: Static Discharge (safe; 4% risk of failure)
Confirm with . or Enter, or press ? or * to list all spells.
The endoplasm is struck by an arc of lightning.
The endoplasm is severely wounded.
You are struck by an arc of lightning.
The endoplasm is struck by an arc of lightning.
You kill the endoplasm!
The lightning grounds out.
Natasha is struck by an arc of lightning.
Natasha is severely wounded.
You are struck by an arc of lightning.
The lightning grounds out.
The kobold shouts!
Casting: Static Discharge (safe; 4% risk of failure)
Confirm with . or Enter, or press ? or * to list all spells.
Natasha is struck by an arc of lightning.
Natasha is severely wounded.
You are struck by an arc of lightning.
* * * LOW HITPOINT WARNING * * *
The lightning grounds out.
Natasha zaps a wand.
The puff of flame hits you.
* * * LOW HITPOINT WARNING * * *
The cerulean imp hits you from afar with a +2 spear.
* * * LOW HITPOINT WARNING * * *
Casting: Static Discharge (safe; 4% risk of failure)
Confirm with . or Enter, or press ? or * to list all spells.
Natasha is struck by an arc of lightning.
Natasha is almost dead.
You are struck by an arc of lightning.
* * * LOW HITPOINT WARNING * * *
The lightning grounds out.
The cerulean imp hits you from afar with a +2 spear.
You die...

#................## ..
#................# ..#
##...............###
...##.....$............#
...⌠..#............##...
...................#####
.<...............#.# #
...K.5...###....#..#
.⌠...r.@## #..###.##
...#..[h.# #......#
#...............###
#..######..#####..##
#... #.## #..## .....
#.# #.... ##... .##
##.... ##(. #.. ##...#.
... ##...##.


You could see Natasha, a cerulean imp (summoned), a quokka and a kobold.

Vanquished Creatures
  A sleepcap (D:3)
  3 adders
  3 gnolls (D:4)
  2 worms (D:2)
  A dart slug (D:1)
  2 bats
  8 endoplasms
  5 giant cockroaches
  12 goblins
  7 hobgoblins
  6 kobolds
  2 quokkas
  3 ball pythons
  3 frilled lizards
  4 rats
62 creatures vanquished.

Notes
Turn   | Place    | Note
-------+----------+-------------------------------------------
     0 | D:1      | Forgeling the Tengu Air Elementalist began the quest for
                  | the Orb.
     0 | D:1      | Reached XP level 1. HP: 10/10 MP: 4/4
   236 | D:1      | Reached XP level 2. HP: 3/15 MP: 0/6
   349 | D:1      | Reached skill level 5 in Air Magic
   668 | D:1      | Reached XP level 3. HP: 19/19 MP: 3/7
   836 | D:1      | Learned a level 3 spell: Swiftness
   839 | D:1      | Learned a level 2 spell: Static Discharge
  1330 | D:2      | Found a burning altar of Makhleb.
  1783 | D:2      | Reached skill level 6 in Air Magic
  2161 | D:3      | Found a faded altar of an unknown god.
  2384 | D:3      | Reached XP level 4. HP: 24/24 MP: 5/8
  2412 | D:3      | Found Nuecsazxiu's Antique Armour Shoppe.
  3076 | D:3      | Found Vommedep's Assorted Antiques.
  3103 | D:3      | Bought an encrusted glass wand for 80 gold pieces
  3345 | D:4      | Reached XP level 5. HP: 28/28 MP: 4/9
  3614 | D:4      | Noticed Ijyb
  3706 | D:4      | Reached skill level 7 in Air Magic
  3870 | D:4      | Reached skill level 1 in Evocations
  4052 | D:4      | Noticed Natasha
  4061 | D:4      | Slain by a cerulean imp

Illustrated notes

Levels and vault maps discovered:
D:1:      nzn_arrival_settlement, layout_rooms, minmay_pentomino_q2
D:2:      layout_rooms, basic_altar, serial_co_window_serial, co_window_paths_a,
          co_window_of_opportunity_a, co_window_paths_b, co_window_paths_a,
          co_window_paths_a, co_window_of_opportunity_a, co_window_corner_a,
          co_window_corner_ca, co_window_unsneaky_path_d, co_window_broadway_a,
          co_window_paths_e, minmay_worlds_worst_comb
D:3:      layout_basic, chequers_ecumenical_altar_simple, serial_shops,
          nicolae_shop_tiny_glass, shop, minmay_fountain_box
D:4:      layout_layer_cave, serial_shops, nicolae_shop_behind_doors,
          grunt_ministairs_1, uniq_ijyb, uniq_menkaure, uniq_natasha

Skill      XL: |  1  2  3  4  5 |
---------------+----------------+-----
Air Magic      | 5 6 7 |  7.0
Evocations     | 1 |  1.0
Dodging        | |  2.1
Stealth        | |  2.0
Spellcasting   | |  2.8
Conjurations   | |  1.3

Action                     |  1- 3 |  4- 6 || total
---------------------------+-------+-------++-------
  Melee: Dagger            |    25 |     5 ||    30
         Unarmed           |     1 |       ||     1
         Kick              |     8 |     2 ||    10
         Peck              |     3 |       ||     3
   Cast: Shock             |    98 |    46 ||   144
         Static Discharge  |     6 |     8 ||    14
  Evoke: Wand              |       |     5 ||     5
    Use: Scroll            |     4 |     3 ||     7
   Stab: Sleeping          |     1 |       ||     1
 Armour: Robe              |    25 |    10 ||    35
  Dodge: Dodged            |    25 |    14 ||    39

Table legend: (Time is in decaauts)
 A = Elapsed time spent in this place.
 B = Non-inter-level travel time spent in this place.
 C = Inter-level travel time spent in this place.
 D = Time resting spent in this place.
 E = Time spent auto-exploring this place.
 F = Levels seen in this place.
 G = Mean time per level.
                   A        B        C        D        E       F      G
               +--------+--------+--------+--------+--------+-----+--------+
         Total |   4061 |   3943 |    118 |     16 |   3361 |   4 | 1015.2 |
       Dungeon |   4061 |   3943 |    118 |     16 |   3361 |   4 | 1015.2 |
               +--------+--------+--------+--------+--------+-----+--------+

Top non-repeatable levels by time:
     D:2: 1246 daAuts
     D:3: 1144 daAuts
     D:1: 915 daAuts
     D:4: 754 daAuts
